 Dungeon Crawl Stone Soup version 0.21.1-1-g345015f (webtiles) character file.

828 Mirai the Thaumaturge (level 7, 0/36 HPs)
             Began as a Deep Elf Conjurer on Mar 30, 2018.
             Succumbed to a scorpion's poison
             ... on level 5 of the Dungeon.
             The game lasted 00:10:29 (2597 turns).

Mirai the Thaumaturge (Deep Elf Conjurer)           Turns: 2597, Time: 00:10:29

Health: 0/36       AC:  4    Str:  5    XL:     7   Next: 64%
Magic:  3/30       EV: 12    Int: 22    God:
Gold:   158        SH:  3    Dex: 15    Spells: 12/23 levels left

rFire    . . .     SeeInvis .   n - +2 dagger (drain)
rCold    . . .     Gourm    .   l - +0 buckler
rNeg     . . .     Faith    .   a - +0 robe
rPois    .         Spirit   .   g - +2 hat
rElec    .         Reflect  .   (no cloak)
rCorr    .         Harm     .   (no gloves)
MR       .....                  (no boots)
Stlth    ++........             (no amulet)
HPRegen  0.12/turn              m - ring of magical power
MPRegen  0.22/turn              (no ring)

@: lethally poisoned (0 -> -18)
A: no striking features
a: no special abilities


You were on level 5 of the Dungeon.
You were not hungry.

You visited 1 branch of the dungeon, and saw 5 of its levels.

You collected 158 gold pieces.

Inventory:

Hand Weapons
 n - a +2 dagger of draining (weapon)
Armour
 a - a +0 robe (worn)
 g - a +2 hat (worn)
 l - a +0 buckler (worn)
Jewellery
 m - a ring of magical power (left hand)
Wands
 u - a wand of disintegration (19)
Scrolls
 e - a scroll of remove curse
 i - a scroll of fear {unknown}
 j - 3 scrolls of identify {unknown}
 k - 3 scrolls of enchant armour {unknown}
 s - a scroll of teleportation {unknown}
 t - 2 scrolls of amnesia {unknown}
Potions
 d - a potion of might {unknown}
 f - a potion of ambrosia
 h - 2 potions of magic {unknown}
 o - a potion of brilliance {unknown}
 q - a potion of curing {unknown}
 r - 2 potions of heal wounds {unknown}
Books
 b - a book of Conjurations

   Spells                             Type                      Level
   a - Magic Dart                     Conjuration                  1
   b - Searing Ray                    Conjuration                  2
   c - Dazzling Spray                 Conjuration/Hexes            3
   d - Fulminant Prism                Conjuration/Hexes            4
   e - Force Lance                    Conjuration/Translocation    4
   f - Iskenderun's Mystic Blast      Conjuration                  4
Comestibles
 c - 3 rations


   Skills:
 - Level 2.4 Dodging
 - Level 2.4 Stealth
 + Level 8.8 Spellcasting
 + Level 6.1 Conjurations
 + Level 4.9 Hexes
 + Level 1.7 Evocations


You had 12 spell levels left.
You knew the following spells:

 Your Spells              Type           Power        Failure   Level  Hunger
a - Magic Dart            Conj           ####         1%          1    None
b - Searing Ray           Conj           #####.       1%          2    None
c - Iskenderun's Mystic   Conj           #####...     9%          4    ##.....
d - Fulminant Prism       Conj/Hex       ####......   12%         4    ##.....


Dungeon Overview and Level Annotations

Branches:
Dungeon (5/15)
 Temple: D:4-7

Altars:


Message History

The centaur is heavily wounded.
You feel sick.
The centaur wields a shortbow.
The centaur shoots an arrow.
The arrow hits you!
* * * LOW HITPOINT WARNING * * *
The scorpion stings you.
* * * LOW HITPOINT WARNING * * *
You are more poisoned.
The scorpion poisons you!
A dart slug comes into view.
Unknown command.
Casting: Iskenderun's Mystic Blast
Confirm with . or Enter, or press ? or * to list all spells.
Aiming: Iskenderun's Mystic Blast
Press: ? - help, Shift-Dir - straight line, f/p - scorpion
Aim: a scorpion (severely wounded)
The orb of energy hits the scorpion.
The scorpion is almost dead.
The orb of energy explodes!
The mystic blast hits the centaur.
You kill the centaur!
You die...

?.......w..
.......... .........
#......# #...)..#
#...)..# #...s).#
#+#....@.############
....................#
....................#
....................#
....................+
....................#
##########'##.......#
#.[...#.......#
#.....#.......#


You could see a scorpion and a dart slug.

Vanquished Creatures
  Duvessa (D:4)
  2 ogres
  A centaur (D:5)
  Dowan (D:4)
  A water moccasin skeleton (D:4)
  A howler monkey (D:5)
  A bullfrog zombie (D:4)
  A crimson imp (D:5)
  2 hounds (D:4)
  2 worker ants (D:4)
  10 adders
  An adder skeleton (D:5)
  3 worms
  3 dart slugs
  A leopard gecko (D:2)
  A ball python (D:3)
  2 giant cockroaches
  6 goblins
  6 hobgoblins
  8 jackals
  2 quokkas
  3 bats
  4 frilled lizards
  6 kobolds
  11 rats
80 creatures vanquished.

Vanquished Creatures (others)
  A fulminant prism (D:5)
1 creature vanquished.

Grand Total: 81 creatures vanquished

Notes
Turn   | Place    | Note
-------+----------+-------------------------------------------
     0 | D:1      | Mirai the Deep Elf Conjurer began the quest for the Orb.
     0 | D:1      | Reached XP level 1. HP: 10/10 MP: 6/6
   251 | D:1      | Reached skill level 4 in Spellcasting
   251 | D:1      | Reached XP level 2. HP: 9/15 MP: 3/9
   255 | D:1      | Learned a level 2 spell: Searing Ray
   758 | D:2      | Reached skill level 5 in Spellcasting
   758 | D:2      | Reached XP level 3. HP: 19/19 MP: 6/11
  1072 | D:2      | Reached skill level 6 in Spellcasting
  1072 | D:2      | Reached XP level 4. HP: 24/24 MP: 0/14
  1765 | D:3      | Reached skill level 7 in Spellcasting
  1797 | D:3      | Learned a level 4 spell: Iskenderun's Mystic Blast
  1802 | D:3      | Learned a level 4 spell: Fulminant Prism
  1947 | D:4      | Noticed an ogre
  1953 | D:4      | Killed an ogre
  1953 | D:4      | Reached skill level 1 in Hexes
  1953 | D:4      | Reached XP level 5. HP: 28/28 MP: 16/16
  2029 | D:4      | Reached skill level 5 in Conjurations
  2029 | D:4      | Reached XP level 6. HP: 31/32 MP: 9/18
  2144 | D:4      | Noticed Duvessa
  2144 | D:4      | Noticed Dowan
  2164 | D:4      | Killed Duvessa
  2164 | D:4      | Reached skill level 8 in Spellcasting
  2172 | D:4      | Killed Dowan
  2220 | D:4      | Reached XP level 7. HP: 15/36 MP: 4/20
  2549 | D:5      | Entered Level 5 of the Dungeon
  2589 | D:5      | Reached skill level 1 in Evocations
  2597 | D:5      | Succumbed to a scorpion's poison

Skill      XL: |  1  2  3  4  5  6  7 |
---------------+----------------------+-----
Spellcasting   | 4 5 6 7 8 |  8.8
Hexes          | 1 2 4 |  4.9
Conjurations   | 5 6 |  6.1
Evocations     | 1 |  1.7
Dodging        | |  2.4
Stealth        | |  2.4

Action                   |  1- 3 |  4- 6 |  7- 9 || total
-------------------------+-------+-------+-------++-------
Melee: Unarmed           |     2 |       |       ||     2
       Dagger            |       |    14 |       ||    14
       Hand axe          |       |     1 |       ||     1
 Cast: Magic Dart        |    75 |    37 |     1 ||   113
       Searing Ray       |     1 |    13 |     4 ||    18
       Iskenderun's Myst |       |     9 |     7 ||    16
       Fulminant Prism   |       |       |     1 ||     1
  Use: Scroll            |       |     1 |       ||     1
       Potion            |       |     1 |       ||     1
 Stab: Sleeping          |       |     1 |       ||     1
  Eat: Chunk             |       |     4 |     2 ||     6
Armor: Robe              |     6 |     8 |       ||    14
Dodge: Dodged            |    15 |    31 |     4 ||    50
Block: Buckler           |       |     6 |     1 ||     7
